NCAA
CALIFORNIA GOLDEN BEARS @ MISSISSIPPI REBELS
04/04/2026
 
TOP OF THE 1ST
California Golden Bears batting - Pitching for Mississippi Rebels : RHP Patrick Moore
Pitching: RHP Patrick Moore
Batting: LHB Ryan Rheaume 0-0: Called Strike
0-1: Foul Ball, location: 2F
0-2: Ball
1-2: Ball
2-2: Foul Ball, location: 2F
2-2: Foul Ball, location: 2F
2-2: Foul Ball, location: 2F
2-2: Ball
3-2: Strikes out looking
Batting: RHB Ed Crockett 0-0: Ground out 5-3 (Groundball, 56)
Batting: SHB Darrel Lang 0-0: Fly out, F9 (Flyball, 89M)
Top of the 1st over - 0 run(s), 0 hit(s), 0 error(s), 0 left on base; California 0 - Mississippi 0
BOTTOM OF THE 1ST
Mississippi Rebels batting - Pitching for California Golden Bears : RHP Chris Keats
Pitching: RHP Chris Keats
Batting: RHB Lou Hammond 0-0: Called Strike
0-1: Ball
1-1: Called Strike
1-2: Ball
2-2: Ball
3-2: Base on Balls
Batting: RHB Simon Lee 0-0: Ball
1-0: SINGLE (Groundball, 56)
Lou Hammond to second
Batting: LHB Roger Warren 0-0: Called Strike
0-1: Ball
1-1: Foul Ball, location: 2F
1-2: Ball
2-2: Strikes out swinging
Batting: LHB Jeff Forsyth 0-0: Foul Ball, location: 2F
0-1: Fielders Choice at 2nd, 3-6 (Groundball, 3)
Lou Hammond to third
Batting: RHB Brian Stewart 0-0: Ball
1-0: Ball
2-0: Ball
3-0: Base on Balls
Jeff Forsyth to second
Batting: RHB Jason McIntosh 0-0: Ball
1-0: GRAND SLAM HOME RUN (Flyball, 7D), Distance : 352 ft
Batting: RHB José Rey 0-0: Ball
1-0: Foul Ball, location: 2F
1-1: Ball
2-1: Ball
3-1: Swinging Strike
3-2: Base on Balls
Batting: RHB Bill Pike 0-0: Ball
1-0: Swinging Strike
1-1: Ball
2-1: Swinging Strike
2-2: Ball
3-2: Foul Ball, location: 2F
3-2: Strikes out swinging
Bottom of the 1st over - 4 run(s), 2 hit(s), 0 error(s), 1 left on base; California 0 - Mississippi 4
TOP OF THE 2ND
California Golden Bears batting - Pitching for Mississippi Rebels : RHP Patrick Moore
Batting: LHB Robbie Evison 0-0: Foul Ball, location: 2F
0-1: Ball
1-1: Ball
2-1: Called Strike
2-2: Foul Ball, location: 2F
2-2: SINGLE (Line Drive, 56D)
Batting: RHB Sergio González 0-0: Called Strike
0-1: Called Strike
0-2: Ball
1-2: Ball
2-2: SINGLE (Groundball, 15S) (infield hit)
Robbie Evison to second
Batting: RHB Francis Land 0-0: Called Strike
0-1: Ball
1-1: Foul Ball, location: 2F
1-2: Strikes out swinging
Batting: LHB Ken Wheeler 0-0: Called Strike
0-1: Called Strike
0-2: Strikes out looking
Batting: RHB Chris Martínez 0-0: Ball
1-0: Ball
2-0: Called Strike
2-1: Foul Ball, location: 2F
2-2: Ball
3-2: Foul Ball, location: 2F
3-2: Base on Balls
Robbie Evison to third
Sergio González to second
Batting: RHB Bob Cooper 0-0: Ball
1-0: Ball
2-0: Swinging Strike
2-1: SINGLE (Popup, 6MD)
Robbie Evison scores
Sergio González to third
Chris Martínez to second
Runner from 3rd tries for Home, throw and OUT!
Top of the 2nd over - 1 run(s), 3 hit(s), 0 error(s), 2 left on base; California 1 - Mississippi 4
BOTTOM OF THE 2ND
Mississippi Rebels batting - Pitching for California Golden Bears : RHP Chris Keats
Batting: RHB John Eaves 0-0: Called Strike
0-1: Ball
1-1: Foul Ball, location: 2F
1-2: Ball
2-2: Foul Ball, location: 2F
2-2: Strikes out looking
Batting: RHB Lou Hammond 0-0: Called Strike
0-1: Ball
1-1: Called Strike
1-2: Foul Ball, location: 2F
1-2: Ground out 5-3 (Groundball, 5)
Batting: RHB Simon Lee 0-0: Called Strike
0-1: Foul Ball, location: 2F
0-2: Strikes out looking
Bottom of the 2nd over - 0 run(s), 0 hit(s), 0 error(s), 0 left on base; California 1 - Mississippi 4
TOP OF THE 3RD
California Golden Bears batting - Pitching for Mississippi Rebels : RHP Patrick Moore
Now in CF: Rafael Gonzáles
Batting: LHB Ryan Rheaume 0-0: Foul Ball, location: 2F
0-1: Fly out, F9 (Line Drive, 89M)
Batting: RHB Ed Crockett 0-0: Ball
1-0: Swinging Strike
1-1: Foul Ball, location: 2F
1-2: Ball
2-2: Ball
3-2: Fly out, F9 (Flyball, 9M)
Batting: SHB Darrel Lang 0-0: Fly out, F6 (Popup, 6D)
Top of the 3rd over - 0 run(s), 0 hit(s), 0 error(s), 0 left on base; California 1 - Mississippi 4
BOTTOM OF THE 3RD
Mississippi Rebels batting - Pitching for California Golden Bears : RHP Chris Keats
Batting: LHB Roger Warren 0-0: Called Strike
0-1: Ball
1-1: Ground out 6-3 (Groundball, 6)
Batting: LHB Jeff Forsyth 0-0: Ball
1-0: Called Strike
1-1: Fly out, F9 (Flyball, 89S)
Batting: RHB Brian Stewart 0-0: Ball
1-0: Ball
2-0: Foul Ball, location: 2F
2-1: Fly out, F8 (Flyball, 8LM)
Bottom of the 3rd over - 0 run(s), 0 hit(s), 0 error(s), 0 left on base; California 1 - Mississippi 4
TOP OF THE 4TH
California Golden Bears batting - Pitching for Mississippi Rebels : RHP Patrick Moore
Batting: LHB Robbie Evison 0-0: Ball
1-0: Swinging Strike
1-1: Foul Ball, location: 2F
1-2: Ball
2-2: Ball
3-2: Strikes out swinging
Batting: RHB Sergio González 0-0: Ball
1-0: SOLO HOME RUN (Flyball, 78XD), Distance : 374 ft
Batting: RHB Francis Land 0-0: Foul Ball, location: 2F
0-1: Ball
1-1: Ball
2-1: Ball
3-1: Base on Balls
Batting: LHB Ken Wheeler 0-0: Called Strike
0-1: Called Strike
0-2: Foul Ball, location: 2F
0-2: Ball
1-2: Ball
2-2: Fly out, F7 (Flyball, 7LM)
Batting: RHB Chris Martínez 0-0: Ball
1-0: Called Strike
1-1: SINGLE (Line Drive, 34D)
Francis Land to second
Batting: RHB Bob Cooper 0-0: Foul Ball, location: 2F
0-1: Ball
1-1: Fly out, F7 (Flyball, 78S)
Top of the 4th over - 1 run(s), 2 hit(s), 0 error(s), 2 left on base; California 2 - Mississippi 4
BOTTOM OF THE 4TH
Mississippi Rebels batting - Pitching for California Golden Bears : RHP Chris Keats
Batting: RHB Rafael Gonzáles 0-0: Ball
1-0: Swinging Strike
1-1: SINGLE (Groundball, 2L) (infield hit)
Batting: RHB José Rey 0-0: Ball
1-0: Ball
2-0: Ball
3-0: Foul Ball, location: 2F
3-1: Called Strike
3-2: Foul Ball, location: 2F
3-2: Strikes out swinging
Batting: RHB Bill Pike 0-0: Ball
Throwing error on steal attempt, E2
Rafael Gonzáles to third
1-0: Called Strike
1-1: Swinging Strike
1-2: Strikes out swinging
Batting: RHB John Eaves 0-0: Called Strike
0-1: Ball
1-1: Ball
2-1: Ground out 4-3 (Groundball, 4)
Bottom of the 4th over - 0 run(s), 1 hit(s), 1 error(s), 1 left on base; California 2 - Mississippi 4
TOP OF THE 5TH
California Golden Bears batting - Pitching for Mississippi Rebels : RHP Patrick Moore
Batting: LHB Ryan Rheaume 0-0: Ball
1-0: Ground out 4-3 (Groundball, 4)
Batting: RHB Ed Crockett 0-0: Foul Ball, location: 2F
0-1: Ground out 5-3 (Groundball, 15S)
Batting: SHB Darrel Lang 0-0: Called Strike
0-1: Ball
1-1: Fly out, F6 (Popup, 8LS)
Top of the 5th over - 0 run(s), 0 hit(s), 0 error(s), 0 left on base; California 2 - Mississippi 4
BOTTOM OF THE 5TH
Mississippi Rebels batting - Pitching for California Golden Bears : RHP Chris Keats
Batting: RHB Lou Hammond 0-0: Called Strike
0-1: Foul Ball, location: 2F
0-2: Ground out 4-3 (Groundball, 34)
Batting: RHB Simon Lee 0-0: Ball
1-0: Ball
2-0: DOUBLE (Line Drive, 89XD)
Pitching: RHP James McKinney
Batting: LHB Roger Warren 0-0: 2-RUN HOME RUN (Flyball, 9D), Distance : 369 ft
Batting: LHB Jeff Forsyth 0-0: Called Strike
0-1: Swinging Strike
0-2: Ball
1-2: Strikes out swinging
Batting: RHB Brian Stewart 0-0: Ball
1-0: Ball
2-0: SINGLE (Groundball, 4MD)
Batting: RHB Rafael Gonzáles 0-0: Ball
1-0: Ball
2-0: Called Strike
2-1: Ball
3-1: Foul Ball, location: 2F
3-2: Fly out, F9 (Flyball, 89M)
Bottom of the 5th over - 2 run(s), 3 hit(s), 0 error(s), 1 left on base; California 2 - Mississippi 6
TOP OF THE 6TH
California Golden Bears batting - Pitching for Mississippi Rebels : RHP Patrick Moore
Pitching: LHP Drew Murdoch
Batting: LHB Robbie Evison 0-0: Called Strike
0-1: Fly out, F7 (Flyball, 78S)
Batting: RHB Sergio González 0-0: Ball
1-0: Ball
2-0: Foul Ball, location: 2F
2-1: Ball
3-1: Called Strike
3-2: Fly out, F2 (Popup, 2RF)
Batting: RHB Francis Land 0-0: Foul Ball, location: 2F
0-1: Ground out 4-3 (Groundball, 4M)
Top of the 6th over - 0 run(s), 0 hit(s), 0 error(s), 0 left on base; California 2 - Mississippi 6
BOTTOM OF THE 6TH
Mississippi Rebels batting - Pitching for California Golden Bears : RHP James McKinney
Batting: RHB José Rey 0-0: Ball
1-0: Ball
2-0: SINGLE (Line Drive, 4MD)
Batting: RHB Bill Pike 0-0: Ball
Passed Ball!
José Rey to second
1-0: Intentional Walk
Batting: RHB John Eaves 0-0: Ball
1-0: Ball
2-0: Called Strike
2-1: Called Strike
2-2: Ball
3-2: Base on Balls
José Rey to third
Bill Pike to second
Batting: RHB Lou Hammond 0-0: Fly out, F7 (Flyball, 78M)
Runner from 3rd tags up, SCORES, no throw
Batting: RHB Simon Lee 0-0: Called Strike
0-1: Swinging Strike
0-2: Ball
1-2: Ground out 3-1 (Groundball, 34S)
Bill Pike to third
John Eaves to second
Batting: LHB Roger Warren 0-0: Called Strike
0-1: Swinging Strike
0-2: Strikes out looking
Bottom of the 6th over - 1 run(s), 1 hit(s), 0 error(s), 2 left on base; California 2 - Mississippi 7
TOP OF THE 7TH
California Golden Bears batting - Pitching for Mississippi Rebels : LHP Drew Murdoch
Batting: LHB Ken Wheeler 0-0: Swinging Strike
0-1: Ball
1-1: Foul Ball, location: 2F
1-2: Ball
2-2: Ground out 6-3 (Groundball, 6)
Batting: RHB Chris Martínez 0-0: Swinging Strike
0-1: SOLO HOME RUN (Flyball, 78XD), Distance : 389 ft
Batting: RHB Bob Cooper 0-0: Ball
1-0: Called Strike
1-1: Ball
2-1: Called Strike
2-2: Ball
3-2: Strikes out swinging
Batting: LHB Ryan Rheaume 0-0: Foul Ball, location: 2F
0-1: Ball
1-1: Ball
2-1: TRIPLE (Groundball, 3L)
Batting: RHB Ed Crockett 0-0: Called Strike
0-1: Ball
1-1: Ball
2-1: Ground out 4-3 (Groundball, 4)
Top of the 7th over - 1 run(s), 2 hit(s), 0 error(s), 1 left on base; California 3 - Mississippi 7
BOTTOM OF THE 7TH
Mississippi Rebels batting - Pitching for California Golden Bears : RHP James McKinney
Batting: LHB Jeff Forsyth 0-0: Ball
1-0: Foul Ball, location: 2F
1-1: Called Strike
1-2: Strikes out swinging
Pitching: LHP Dexter Hubert
Batting: RHB Brian Stewart 0-0: Called Strike
0-1: Called Strike
0-2: Ground out 1-3 (Groundball, 13)
Batting: RHB Rafael Gonzáles 0-0: Ball
1-0: Ball
2-0: Ball
3-0: Base on Balls
Batting: RHB José Rey 0-0: Ball
Rafael Gonzáles is caught stealing 2nd base
Bottom of the 7th over - 0 run(s), 0 hit(s), 0 error(s), 0 left on base; California 3 - Mississippi 7
TOP OF THE 8TH
California Golden Bears batting - Pitching for Mississippi Rebels : LHP Drew Murdoch
Pitching: RHP Jake Seals
Batting: SHB Darrel Lang 0-0: Called Strike
0-1: Fly out, F7 (Popup, 7LS)
Batting: LHB Robbie Evison 0-0: Foul Ball, location: 2F
Single, Error in OF, E9, batter to second base
Batting: RHB Sergio González 0-0: Foul Ball, location: 2F
0-1: Foul Ball, location: 2F
0-2: Ball
1-2: Strikes out looking
Batting: RHB Francis Land 0-0: Foul Ball, location: 2F
0-1: Swinging Strike
0-2: Ground out 6-3 (Groundball, 6)
Top of the 8th over - 0 run(s), 1 hit(s), 1 error(s), 1 left on base; California 3 - Mississippi 7
BOTTOM OF THE 8TH
Mississippi Rebels batting - Pitching for California Golden Bears : LHP Dexter Hubert
Batting: RHB José Rey 0-0: Called Strike
0-1: Ball
1-1: Ball
2-1: Called Strike
2-2: Foul Ball, location: 2F
2-2: Ball
3-2: Foul Ball, location: 2F
3-2: Base on Balls
Batting: RHB Bill Pike 0-0: Bunted foul
0-1: Ball
1-1: Bunted foul
1-2: Foul Ball, location: 2F
1-2: Fielders Choice at 2nd, 5-4 (Groundball, 56)
Batting: RHB John Eaves 0-0: Ball
1-0: Ball
2-0: Called Strike
2-1: Grounds into double play, 4-6-3 (Groundball, 4)
Bottom of the 8th over - 0 run(s), 0 hit(s), 0 error(s), 0 left on base; California 3 - Mississippi 7
TOP OF THE 9TH
California Golden Bears batting - Pitching for Mississippi Rebels : RHP Jake Seals
Batting: LHB Ken Wheeler 0-0: Called Strike
0-1: Ball
1-1: Foul Ball, location: 2F
1-2: Ball
2-2: Foul Ball, location: 2F
2-2: Foul Ball, location: 2F
2-2: Ball
3-2: Strikes out swinging
Batting: RHB Chris Martínez 0-0: SINGLE (Groundball, 56D)
Batting: RHB Bob Cooper 0-0: Called Strike
0-1: Ball
1-1: Swinging Strike
1-2: Foul Ball, location: 2F
1-2: Ball
2-2: Ball
3-2: Foul Ball, location: 2F
3-2: SINGLE (Line Drive, 9LS)
Chris Martínez to second
Pitching: LHP Juan Méndez
Batting: LHB Ryan Rheaume 0-0: Ball
1-0: Foul Ball, location: 2F
1-1: Called Strike
1-2: Foul Ball, location: 2F
1-2: Foul Ball, location: 2F
1-2: Foul Ball, location: 2F
1-2: Strikes out swinging
Batting: RHB Ed Crockett 0-0: Ball
1-0: SINGLE (Groundball, 56)
Chris Martínez to third
Bob Cooper to second
Runner from 3rd tries for Home, SAFE, throw made home
Bob Cooper to third
Ed Crockett to second
Batting: SHB Darrel Lang 0-0: Called Strike
0-1: Ball
1-1: 3-RUN HOME RUN (Line Drive, 7D), Distance : 360 ft
Batting: LHB Robbie Evison 0-0: Ball
1-0: Called Strike
1-1: SINGLE (Groundball, 5D)
Batting: RHB Sergio González 0-0: Ball
1-0: Swinging Strike
1-1: Foul Ball, location: 2F
1-2: Ball
2-2: Foul Ball, location: 2F
2-2: Strikes out swinging
Top of the 9th over - 4 run(s), 5 hit(s), 0 error(s), 1 left on base; California 7 - Mississippi 7
BOTTOM OF THE 9TH
Mississippi Rebels batting - Pitching for California Golden Bears : LHP Dexter Hubert
Batting: RHB Lou Hammond 0-0: Called Strike
0-1: Ball
1-1: Swinging Strike
1-2: Ball
2-2: Ground out 4-3 (Groundball, 34)
Batting: RHB Simon Lee 0-0: Called Strike
0-1: Called Strike
0-2: Ball
1-2: Ball
2-2: Foul Ball, location: 2F
2-2: Fly out, F8 (Flyball, 8RM)
Batting: LHB Roger Warren 0-0: Ball
1-0: Ball
2-0: Ball
3-0: Base on Balls
Pitching: LHP David Waller
Batting: LHB Jeff Forsyth 0-0: Called Strike
0-1: Foul Ball, location: 2F
0-2: Ball
1-2: Foul Ball, location: 2F
1-2: Foul Ball, location: 2F
1-2: Ball
2-2: Foul Ball, location: 2F
2-2: Fly out, F2 (Popup, 2LF)
Bottom of the 9th over - 0 run(s), 0 hit(s), 0 error(s), 1 left on base; California 7 - Mississippi 7
TOP OF THE 10TH
California Golden Bears batting - Pitching for Mississippi Rebels : LHP Juan Méndez
Batting: RHB Francis Land 0-0: Foul Ball, location: 2F
0-1: Foul Ball, location: 2F
0-2: Ball
1-2: Fly out, F7 (Flyball, 7M)
Pinch Hitting: LHB Lee Jenkins 0-0: Called Strike
0-1: Called Strike
0-2: Strikes out swinging
Batting: RHB Chris Martínez 0-0: Called Strike
0-1: Ball
1-1: Ball
2-1: Ball
3-1: Base on Balls
Batting: RHB Bob Cooper 0-0: Fly out, F8 (Flyball, 8RM)
Top of the 10th over - 0 run(s), 0 hit(s), 0 error(s), 1 left on base; California 7 - Mississippi 7
BOTTOM OF THE 10TH
Mississippi Rebels batting - Pitching for California Golden Bears : LHP David Waller
Now in RF: William Knisley
Batting: RHB Brian Stewart 0-0: Ball
1-0: Ball
2-0: Called Strike
2-1: Swinging Strike
2-2: Fly out, F7 (Line Drive, 78M)
Pinch Hitting: RHB Willard Bader 0-0: SINGLE (Line Drive, 5L)
Batting: RHB José Rey 0-0: Fly out, F7 (Flyball, 78M)
Pinch Hitting: RHB Leonard Martínez 0-0: Foul Ball, location: 2F
0-1: Ball
1-1: Ball
2-1: Fly out, F8 (Flyball, 8RM)
Bottom of the 10th over - 0 run(s), 1 hit(s), 0 error(s), 1 left on base; California 7 - Mississippi 7
TOP OF THE 11TH
California Golden Bears batting - Pitching for Mississippi Rebels : LHP Juan Méndez
Now at 2B: Jon Waller
Now in CF: Willard Bader
Batting: LHB Ryan Rheaume 0-0: Ball
1-0: Ball
2-0: Foul Ball, location: 2F
2-1: Ball
3-1: Base on Balls
Batting: RHB Ed Crockett 0-0: Ball
1-0: Sac Bunt - play at first, batter OUT! 3-4
Ryan Rheaume to second
Batting: SHB Darrel Lang 0-0: Intentional Walk
Pitching: RHP Chris Roy
Batting: LHB Robbie Evison 0-0: Ball
1-0: Ball
2-0: Called Strike
2-1: Ball
3-1: Foul Ball, location: 2F
3-2: Base on Balls
Ryan Rheaume to third
Darrel Lang to second
Batting: RHB Sergio González 0-0: Ball
1-0: Ball
2-0: Foul Ball, location: 2F
2-1: SINGLE (Flyball, 9LS)
Ryan Rheaume scores
Darrel Lang to third
Robbie Evison to second
Batting: RHB Francis Land 0-0: Ball
1-0: Ball
2-0: Foul Ball, location: 2F
2-1: Called Strike
2-2: Ball
3-2: Fly out, F7 (Flyball, 7M)
Runner from 3rd tags up, OUT at HOME
Top of the 11th over - 1 run(s), 1 hit(s), 0 error(s), 2 left on base; California 8 - Mississippi 7
BOTTOM OF THE 11TH
Mississippi Rebels batting - Pitching for California Golden Bears : LHP David Waller
Pitching: RHP Gregg Sullivan
Batting: RHB John Eaves 0-0: Foul Ball, location: 2F
0-1: Ground out 1-3 (Groundball, 23)
Batting: RHB Lou Hammond 0-0: Called Strike
0-1: Fly out, F2 (Popup, 23F)
Batting: RHB Simon Lee 0-0: Called Strike
0-1: Ball
1-1: Fly out, F8 (Flyball, 8RD)
Bottom of the 11th over - 0 run(s), 0 hit(s), 0 error(s), 0 left on base; California 8 - Mississippi 7
Monday, December 5th, 2016 - OOTP Baseball 17.12 Build 75